 Dungeon Crawl Stone Soup version 0.21.1-1-g345015f (webtiles) character file.

558 LairdRich the Chopper (level 7, -3/91 HPs)
             Began as a Minotaur Berserker on June 9, 2018.
             Was a Believer of Trog.
             Slain by Yarrr's ghost (6 damage)
             ... on level 4 of the Dungeon.
             The game lasted 00:19:04 (4902 turns).

LairdRich the Chopper (Minotaur Berserker)          Turns: 4902, Time: 00:19:05

Health: -3/91      AC:  9    Str: 27    XL:     7   Next: 9%
Magic:  6/6        EV:  9    Int:  1    God:    Trog [**....]
Gold:   65         SH:  8    Dex: 11    Spells: 6/6 levels left

rFire    . . .     SeeInvis .   a - +0 hand axe
rCold    . . .     Gourm    .   b - +0 shield
rNeg     . . .     Faith    .   x - +2 scale mail {MR+}
rPois    +         Spirit   .   (helmet restricted)
rElec    .         Reflect  .   (no cloak)
rCorr    .         Harm     .   (no gloves)
MR       +....                  (no boots)
Stlth    ..........             (no amulet)
HPRegen  0.25/turn              d - -3 ring of intelligence (curse)
MPRegen  0.10/turn              h - ring of poison resistance

@: berserking, very quick
A: retaliatory headbutt, horns 2
a: Berserk, Trog's Hand, Burn Spellbooks, Renounce Religion


You were on level 4 of the Dungeon.
You worshipped Trog.
Trog was pleased with you.
You were not hungry.

You visited 1 branch of the dungeon, and saw 4 of its levels.

You collected 233 gold pieces.
You spent 168 gold pieces at shops.

Inventory:

Hand Weapons
 a - a +0 hand axe (weapon)
Missiles
 g - 135 stones
 o - 43 arrows
 p - 4 tomahawks (quivered)
 u - 6 poisoned needles
Armour
 b - a +0 shield (worn)
 x - a +2 scale mail of magic resistance (worn)
Jewellery
 d - a cursed -3 ring of intelligence (left hand)
 f - a cursed ring of loudness {unknown}
 h - a ring of poison resistance (right hand)
Wands
 i - a wand of paralysis (4)
Scrolls
 j - a scroll of fear {unknown}
 k - 2 scrolls of fog {unknown}
 l - 4 scrolls of identify {unknown}
 n - 4 scrolls of remove curse {unknown}
 q - 2 scrolls of immolation {unknown}
 r - a scroll of random uselessness {unknown}
 t - 3 scrolls of teleportation {unknown}
 y - a scroll of enchant weapon {unknown}
Potions
 e - a potion of degeneration {unknown}
 m - a potion of lignification {unknown}
 s - a potion of might {unknown}
 v - a potion of curing
 w - a potion of heal wounds {unknown}
 z - a potion of agility {unknown}
Comestibles
 c - 7 rations
 A - a chunk of flesh


   Skills:
 + Level 5.5 Fighting
 * Level 6.5 Axes
 + Level 4.8 Armour
 + Level 4.3 Dodging


You had 6 spell levels left.
You didn't know any spells.

Dungeon Overview and Level Annotations

Branches:
Dungeon (4/15)
 Temple: D:4-7

Altars:
Gozag
Nemelex Xobeh
Zin

Shops:
D:4 [

Annotations:
D:4 Yarrr's ghost, novice MiFi


Innate Abilities, Weirdness & Mutations

You reflexively headbutt those who attack you in melee.
You have a pair of horns on your head.


Message History

You closely miss Yarrr's ghost.
You headbutt Yarrr's ghost, but do no damage.
Yarrr's ghost is heavily damaged.
Yarrr's ghost hits you!
* * * LOW HITPOINT WARNING * * *
You hit Yarrr's ghost but do no damage.
Yarrr's ghost is heavily damaged.
Yarrr's ghost hits you!
* * * LOW HITPOINT WARNING * * *
Yarrr's ghost hits you.
* * * LOW HITPOINT WARNING * * *
You slash Yarrr's ghost!
You headbutt Yarrr's ghost, but do no damage.
Yarrr's ghost is severely damaged.
Yarrr's ghost closely misses you. You furiously retaliate!
You headbutt Yarrr's ghost.
A red film seems to cover your vision as you go berserk!
You feel yourself moving faster!
You feel mighty!
You feel quite a bit more hungry. Yarrr's ghost hits you.
You die...

.....#### ........# #$. .....##.#
#.. #...## # #.# ♣♣♣ ##..# #.#
#.# ##.# #.# ♣♣♣ #.# .# #.#
#.###.# .♣♣♣♣♣#
######W#########.....#
##.♣♣.PP.♣##...<@............####
...♣♣.P....#.####.##########.#
##.♣♣♣P♣♣♣...####.# #.# .♣♣
♣.......#.## #.# .#
##.......#..####### #.# .#
#.................. #.# ###.#
##.......##.####### #.#
....#####.......#...#### #.#
.........###..#........# #.#


You could see Yarrr's ghost.

Vanquished Creatures
  The ghost of Bnni the Grasshopper, an amateur GnWr (D:3)
  A phantom (D:3)
  A scorpion (D:4)
  A howler monkey (D:4)
  An orc priest (D:3)
  A bullfrog skeleton (D:4)
  Ijyb (D:3)
  An iguana (D:4)
  5 adders
  A worm (D:4)
  2 dart slugs
  5 leopard geckos
  7 orcs
  2 giant cockroaches
  5 goblins
  7 hobgoblins
  4 jackals (D:1)
  14 kobolds
  4 quokkas
  A ball python (D:2)
  A ball python skeleton (D:4)
  7 bats
  A frilled lizard (D:3)
  A quokka skeleton (D:4)
  8 rats
  A bush (D:4)
84 creatures vanquished.

Vanquished Creatures (others)
  A plant (D:4)
1 creature vanquished.

Grand Total: 85 creatures vanquished

Notes
Turn   | Place    | Note
-------+----------+-------------------------------------------
     0 | D:1      | LairdRich the Minotaur Berserker began the quest for the Orb.
     0 | D:1      | Reached XP level 1. HP: 19/19 MP: 0/0
   129 | D:1      | Reached XP level 2. HP: 26/27 MP: 1/1
   590 | D:1      | Reached skill level 4 in Axes
   684 | D:1      | Reached XP level 3. HP: 30/33 MP: 2/2
  1184 | D:2      | Reached ** piety under Trog
  1779 | D:2      | Found an opulent altar of Gozag.
  2331 | D:3      | Found a glowing silver altar of Zin.
  2353 | D:3      | Reached XP level 4. HP: 29/41 MP: 3/3
  2494 | D:3      | Noticed Bnni's ghost (amateur GnWr)
  2948 | D:3      | Found a sparkling altar of Nemelex Xobeh.
  3485 | D:3      | Noticed Ijyb
  3495 | D:3      | Paralysed by Ijyb for 5 turns
  3505 | D:3      | Paralysed by Ijyb for 2 turns
  3509 | D:3      | Killed Ijyb
  3509 | D:3      | Reached XP level 5. HP: 46/47 MP: 4/4
  3706 | D:3      | Killed Bnni's ghost
  3706 | D:3      | Reached skill level 5 in Fighting
  3706 | D:3      | Reached skill level 5 in Axes
  3706 | D:3      | Reached XP level 6. HP: 56/56 MP: 5/5
  4211 | D:4      | Reached skill level 6 in Axes
  4242 | D:4      | Found Tetemeo's Antique Armour Shop.
  4289 | D:4      | Bought a shiny scale mail for 168 gold pieces
  4736 | D:4      | Reached XP level 7. HP: 56/61 MP: 6/6
  4877 | D:4      | Noticed Yarrr's ghost (novice MiFi)
  4900 | D:4      | HP: 1/61 [Yarrr's ghost (6)]
  4902 | D:4      | Slain by Yarrr's ghost

Skill      XL: |  1  2  3  4  5  6 |
---------------+-------------------+-----
Fighting       | 4 5 |  5.5
Axes           | 4 5 6 |  6.5
Armour         | 3 4 |  4.8
Dodging        | 3 4 |  4.3

Action                   |  1- 3 |  4- 6 |  7- 9 || total
-------------------------+-------+-------+-------++-------
Melee: Hand axe          |   117 |   281 |    35 ||   433
       Headbutt          |     6 |    64 |    12 ||    82
Throw: Tomahawk          |       |       |     3 ||     3
       Stone             |       |       |     1 ||     1
Invok: Berserk           |       |     2 |     1 ||     3
  Eat: Chunk             |     5 |     4 |       ||     9
       Ration            |       |     2 |       ||     2
Armor: Animal skin       |     8 |       |       ||     8
       Chain mail        |    58 |    66 |       ||   124
       Ring mail         |     1 |       |       ||     1
       Scale mail        |       |    14 |     7 ||    21
Dodge: Dodged            |    42 |    47 |     7 ||    96
Block: Shield            |    13 |    63 |     6 ||    82
